 Dungeon Crawl Stone Soup version 0.28-a0-592-g6fc52098c6 (webtiles) character file.

Game seed: 4437681554005137228

4225 KristoblXynda the Covert (level 10, 0/51 HPs)
             Began as a Spriggan Artificer on Oct 4, 2021.
             Was an Initiate of Gozag.
             Slain by a skeletal warrior (26 damage)
             ... on level 7 of the Dungeon.
             The game lasted 00:16:28 (10187 turns).

KristoblXynda the Covert (Spriggan Artificer)      Turns: 10187, Time: 00:16:28

Health: 0/51       AC:  2    Str: 11    XL:     10   Next: 9%
Magic:  11/11      EV: 24    Int: 12    God:    Gozag
Gold:   495        SH:  0    Dex: 17    Spells: 9/9 levels left

rFire   . . .      SeeInvis +   c - +2 short sword (drain)
rCold   . . .      Faith    .   (shield restricted)
rNeg    + . .      Spirit   .   x - +0 robe {rN+}
rPois   +          Reflect  .   (helmet restricted)
rElec   .          Harm     .   w - scarf {repulsion}
rCorr   .          Rampage  .   (gloves unavailable)
Will    ++...                   (boots unavailable)
Stlth   +++++.....              (no amulet)
HPRegen 0.17/turn               j - ring of poison resistance
MPRegen 0.12/turn               z - ring of willpower

@: repel missiles, very quick
A: very small, no large weapons, unfitting armour, see invisible, speed 3
a: Renounce Religion, Potion Petition, Call Merchant, Bribe Branch


You were on level 7 of the Dungeon.
You worshipped Gozag.
Gozag was aware of your devotion.
You visited 2 branches of the dungeon, and saw 8 of its levels.

You collected 1037 gold pieces.
You paid 542 gold pieces to Gozag.

Inventory:

Hand Weapons
 c - a +2 short sword of draining (weapon)
 u - a +1 dagger of venom
Armour
 o - +2 acid dragon scales
 w - a scarf of repulsion (worn)
 x - a +0 robe of positive energy (worn)
Jewellery
 a - a ring of positive energy
 j - a ring of poison resistance (left hand)
 z - a ring of willpower (right hand)
Wands
 n - a wand of mindburst (5)
 p - a wand of acid (8)
 s - a wand of iceblast (9)
Scrolls
 f - a scroll of teleportation
 g - a scroll of identify
Potions
 b - a potion of curing {unknown}
 h - 2 potions of ambrosia {unknown}
 i - a potion of heal wounds {unknown}
 k - 2 potions of magic
 l - 2 potions of flight
 m - 2 potions of degeneration {unknown}
 r - 2 potions of mutation
 t - a potion of berserk rage {unknown}
 v - a potion of lignification {unknown}
Miscellaneous
 e - a piece from Xom's chessboard (1/15)


   Skills:
 - Level 5.1 Fighting
 + Level 7.9 Short Blades
 + Level 0.6 Armour
 + Level 10.1 Dodging
 - Level 11.2 Stealth
 + Level 6.5 Evocations


You had 9 spell levels left.
You didn't know any spells.
Your spell library contained the following spells:

 Spells                   Type           Power      Damage    Failure   Level
 Apportation              Tloc           0%         N/A       32%         1
 Pain                     Necr           0%         1d4       32%         1
 Scorch                   Fire           0%         2d5       45%         2
 Stone Arrow              Conj/Erth      0%         3d7       69%         3
 Animate Armour           Summ/Erth      0%         N/A       97%         4
 Flame Wave               Conj/Fire      0%         3d3       97%         4
 Agony                    Necr           0%         N/A       100%        5
 Alistair's Intoxication  Tmut/Pois      0%         N/A       100%        5
 Excruciating Wounds      Necr           0%         N/A       100%        5
 Invisibility             Hex            0%         N/A       100%        6
 Summon Cactus Giant      Summ           0%         N/A       100%        6
 Lehudib's Crystal Spear  Conj/Erth      0%         10d2      100%        8


Dungeon Overview and Level Annotations

Branches:
Dungeon (7/15)             Temple (1/1) D:4

Altars:
Ashenzari
Cheibriados
Dithmenos
Elyvilon
Fedhas
Gozag
Hepliaklqana
Kikubaaqudgha
Makhleb
Nemelex Xobeh
Okawaru
Qazlal
Ru
Sif Muna
Trog
Uskayaw
Vehumet
Wu Jian
Xom
Yredelemnul
Zin
The Shining One

Shops:
D:2 (

Annotations:
D:3 3 runed translucent doors, kelmiir's ghost, amateur GnWn


Innate Abilities, Weirdness & Mutations

You are very small and have problems with some larger weapons.
You are too small for most types of armour.
You have supernaturally acute eyesight. (SInv)
You cover ground extremely quickly. (Speed+++)


Message History

Press: ? - help, Shift-Dir - straight line, f/p - wyvern zombie
Aim: a wyvern zombie (almost destroyed, covered in acid)
The mass of ice explodes!
The iceblast engulfs the wyvern zombie!
The wyvern zombie partially resists.
You destroy the wyvern zombie!
The iceblast engulfs the skeletal warrior.
The skeletal warrior is moderately damaged.
Unknown command.
You see here a +0 falchion.
You make a move on Xom's chessboard...
The skeletal warrior resists with almost no effort.
You start resting.
A skeletal warrior is nearby!
You make a move on Xom's chessboard...
The skeletal warrior resists with almost no effort.
Unknown command.
You make a move on Xom's chessboard...
The skeletal warrior seems to slow down.
You start resting.
A skeletal warrior is nearby!
You make a move on Xom's chessboard...
The skeletal warrior resists with almost no effort.
Aiming: Mindburst
Press: ? - help, Shift-Dir - straight line, f - skeletal warrior
Aim: a skeletal warrior, wielding a +0 trident (moderately damaged, slow, chance to affect: 23%)
The skeletal warrior resists with almost no effort.
You make a move on Xom's chessboard...
The skeletal warrior is unaffected.
A skeletal warrior is nearby!
You make a move on Xom's chessboard...
The skeletal warrior resists with almost no effort.
You make a move on Xom's chessboard...
The skeletal warrior resists with almost no effort.
A skeletal warrior is nearby!
Okay, then.
You hit the skeletal warrior.
The skeletal warrior is moderately damaged.
The skeletal warrior hits you with a +0 trident!!
Ouch! That really hurt!
You die...
Your body crumbles into a pile of gold.

###......≈..##.### ##(#####z###.
.........≈.......# ##....)##.##
###.......≈≈≈#.#.# #..###.###..##
##.........#.#.# #...........#
###.##.##.#.#.# ######.####..
#.##.##.#.#.# #z# #..
#.##.##.#.#.# #.# #..
######.##.##.#.#.#########.# ##.
.......##.##.#..@z.........#####.
######..............######.......
##...♣♣♣...♣♣♣..# #######.
#####...♣# #♣.♣# #♣.# #.
........♣ ♣.♣ ♣[# #. #####...♣#
#♣.♣# #♣)# #.
##...♣♣♣.♣.♣♣♣))##### #.
#......♣♣♣.........# #.
######...♣♣♣.♣.♣♣♣..###.########.


You could see a skeletal warrior (slow).

Vanquished Creatures
  A gargoyle (D:7)
  Maggie (D:6)
  A troll (D:7)
  Sigmund (D:3)
  A yak (D:7)
  An acid dragon (D:7)
  A water moccasin (D:6)
  A hornet zombie (D:7)
  An orc warrior (D:6)
  An ice beast (D:6)
  2 black bears (D:6)
  3 sky beasts
  2 necrophages
  An ogre (D:5)
  3 centaurs
  Blork the orc (D:6)
  2 bullfrogs (D:7)
  A gnoll sergeant (D:7)
  A wyvern zombie (D:7)
  5 scorpions
  A wyvern skeleton (D:6)
  2 water moccasin skeletons
  A howler monkey (D:7)
  5 hounds
  3 centaur zombies
  2 orc priests (D:7)
  3 bullfrog zombies
  2 jellies
  Crazy Yiuf (D:2)
  3 centaur skeletons
  2 iguanas
  Ijyb (D:4)
  An orc wizard (D:7)
  2 killer bee zombies
  2 hound skeletons (D:4)
  A howler monkey zombie (D:6)
  6 adders
  2 ufetubi
  2 worms (D:3)
  A dart slug (D:1)
  15 orcs
  8 ball pythons
  5 endoplasms
  3 giant cockroaches
  5 goblins
  9 hobgoblins
  3 jackals (D:2)
  2 bats
  5 frilled lizards
  6 kobolds
  6 rats
141 creatures vanquished.

Vanquished Creatures (others)
  5 plants (D:5)
5 creatures vanquished.

Grand Total: 146 creatures vanquished

Notes
Turn   | Place    | Note
-------+----------+-------------------------------------------
     0 | D:1      | KristoblXynda the Spriggan Artificer began the quest for
                  | the Orb.
     0 | D:1      | Reached XP level 1. HP: 9/9 MP: 2/2
   104 | D:1      | Reached skill level 1 in Fighting
   104 | D:1      | Reached skill level 2 in Stealth
   431 | D:1      | Reached XP level 2. HP: 14/14 MP: 3/3
  1238 | D:2      | Found a faded altar of an unknown god.
  1262 | D:2      | Reached skill level 1 in Short Blades
  1426 | D:2      | Found a runed translucent door.
  1427 | D:2      | Noticed Crazy Yiuf
  1793 | D:2      | Reached XP level 3. HP: 11/18 MP: 4/4
  2165 | D:2      | Found Xeorch's Weapon Boutique.
  2178 | D:2      | Reached skill level 3 in Stealth
  2482 | D:2      | Killed Crazy Yiuf
  2483 | D:2      | Reached XP level 4. HP: 22/22 MP: 5/5
  2580 | D:3      | Found a radiant altar of Vehumet.
  2638 | D:3      | Found a runed translucent gate.
  2639 | D:3      | Found a runed translucent gate.
  2639 | D:3      | Found a runed translucent gate.
  2641 | D:3      | Noticed kelmiir's ghost (amateur GnWn)
  3074 | D:3      | Noticed Sigmund
  3095 | D:3      | Killed Sigmund
  3096 | D:3      | Reached skill level 5 in Dodging
  3096 | D:3      | Reached skill level 4 in Stealth
  3096 | D:3      | Reached XP level 5. HP: 27/27 MP: 6/6
  3350 | D:3      | Reached XP level 6. HP: 32/32 MP: 7/7
  3620 | D:4      | Reached skill level 5 in Stealth
  3769 | D:4      | Noticed Ijyb
  4197 | D:4      | Killed Ijyb
  4439 | D:4      | Noticed a sky beast
  4719 | D:4      | Found a staircase to the Ecumenical Temple.
  4725 | Temple   | Entered the Ecumenical Temple
  4783 | Temple   | Became a worshipper of Gozag Ym Sagoz the Greedy
  4932 | D:4      | Killed a sky beast
  4933 | D:4      | Reached skill level 6 in Stealth
  4933 | D:4      | Reached XP level 7. HP: 32/36 MP: 8/8
  5325 | D:5      | Entered Level 5 of the Dungeon
  6029 | D:5      | Reached skill level 7 in Stealth
  6120 | D:5      | Reached XP level 8. HP: 42/42 MP: 9/9
  6304 | D:5      | Reached skill level 5 in Short Blades
  6836 | D:6      | Reached skill level 8 in Stealth
  7912 | D:6      | Noticed Blork the orc
  7926 | D:6      | Reached skill level 9 in Stealth
  7939 | D:6      | Killed Blork the orc
  8115 | D:6      | Noticed Maggie
  8119 | D:6      | Killed Maggie
  8120 | D:6      | Reached skill level 5 in Fighting
  8120 | D:6      | Reached XP level 9. HP: 47/47 MP: 10/10
  8518 | D:7      | Reached skill level 10 in Stealth
  9015 | D:7      | Reached skill level 5 in Evocations
  9204 | D:7      | Noticed a troll
  9210 | D:7      | Killed a troll
  9213 | D:7      | Noticed a gargoyle
  9214 | D:7      | Killed a gargoyle
  9312 | D:7      | Reached skill level 11 in Stealth
  9633 | D:7      | HP: 2/47 [acid dragon/splash of acid (26)]
  9635 | D:7      | Reached skill level 10 in Dodging
  9635 | D:7      | Reached XP level 10. HP: 42/51 MP: 11/11
 10082 | D:7      | Identified the +4 morningstar of the Jolly Knaves {holy,
                  | Fragile Dex+5}
 10106 | D:7      | Noticed a skeletal warrior
 10187 | D:7      | Slain by a skeletal warrior

Illustrated notes

Levels and vault maps discovered:
D:1:      heliophobic_arrival_battle_scene, layout_loops_cross
D:2:      layout_loops_ring, hellmonk_ecumenical_altar_lost_god, serial_shops,
          nicolae_shop_crystal, kennysheep_generic_room_15,
          uniq_crazy_yiuf_cottage
D:3:      layout_loops_ring, amcnicky_altar_gilded, ebering_ghost_rock_garden,
          minmay_misc_feat_roman, uniq_sigmund
D:4:      layout_rooms, minmay_temple_entry_gardened_gates, uniq_ijyb
D:5:      layout_basic, corexii_leaking_fountain, serial_bayou_pond_c
D:6:      kennysheep_six_static_rooms, layout_gridville, uniq_maggie,
          uniq_blork_the_orc
D:7:      minmay_the_grid_octo_triangle [minmay_the_grid_octo_teeth,
          minmay_the_grid_octo_prize_single_spiral,
          minmay_the_grid_octo_clover_2], layout_loops_ring,
          minmay_stone_trees_medium, chequers_serial_rivers_micro_c
Temple:   kilobyte_greek_temple

Skill      XL: |  1  2  3  4  5  6  7  8  9 |
---------------+----------------------------+-----
Fighting       | 1 2 3 5 |  5.1
Stealth        | 2 3 4 6 7 9 11 | 11.2
Short Blades   | 1 2 3 4 6 7 |  7.9
Dodging        | 4 5 6 8 10 | 10.1
Evocations     | 6 |  6.5
Armour         | |  0.6

Action                   |  1- 3 |  4- 6 |  7- 9 | 10-12 || total
-------------------------+-------+-------+-------+-------++-------
Melee: Dagger            |   102 |   158 |   406 |       ||   666
       Club              |     2 |       |       |       ||     2
       Short sword       |       |       |       |    29 ||    29
Invok: Potion Petition   |       |       |     1 |       ||     1
Evoke: Wand              |     2 |     5 |    14 |     6 ||    27
       Piece from Xom's  |     2 |     8 |     7 |    11 ||    28
  Use: Scroll            |       |     3 |     3 |     5 ||    11
 Stab: Sleeping          |     5 |     3 |    10 |     2 ||    20
       Paralysed         |       |     2 |       |       ||     2
       Petrified         |       |     2 |     1 |       ||     3
       Distracted        |       |       |     2 |       ||     2
       Petrifying        |       |       |     1 |       ||     1
Armor: Robe              |    11 |    11 |    36 |       ||    58
Dodge: Dodged            |    70 |   141 |   334 |    37 ||   582
       Repelled          |       |       |     1 |       ||     1

Table legend: (Time is in decaauts)
 A = Elapsed time spent in this place.
 B = Non-inter-level travel time spent in this place.
 C = Inter-level travel time spent in this place.
 D = Time resting spent in this place.
 E = Time spent auto-exploring this place.
 F = Levels seen in this place.
 G = Mean time per level.
                   A        B        C        D        E       F      G
               +--------+--------+--------+--------+--------+-----+--------+
         Total |   8310 |   8108 |    202 |   3808 |   2852 |   8 | 1038.8 |
       Dungeon |   8205 |   8012 |    193 |   3808 |   2770 |   7 | 1172.1 |
        Temple |    105 |     97 |      8 |      0 |     82 |   1 |  105.0 |
               +--------+--------+--------+--------+--------+-----+--------+

Top non-repeatable levels by time:
     D:6: 1566 daAuts
     D:3: 1473 daAuts
     D:7: 1213 daAuts
     D:2: 1033 daAuts
     D:1: 1001 daAuts
     D:5: 970 daAuts
     D:4: 946 daAuts
  Temple: 105 daAuts
